← All builds
Beach sea / Armada / Economy first / OBSERVED BUILD

Hovercraft raid

Armada Beach sea build order · Supreme Isthmus

Same economy-first sea plan as standard, but hovercraft platform goes up first and a fast hovercraft raid is sent out by around 2 minutes before the shipyard and destroyer follow; still transitions into the normal fleet.

Hovers first

#naval #eco #raid · 159 distinct matches · 49 players · 12% of Armada Beach sea games · team won 57% of 159 · Recently observed

THE CATCH, AND WHAT COMES WITH IT
  • Hovercraft PlatformHovercraft Platform in 99%14% of all Beach sea games by then
  • SeekerSeeker in 99%14% of all Beach sea games by then

Then transitions into destroyer (31% of army), seeker (15% of army), dolphin (12% of army).

HOW TO PLAY IT

Key timing: Hover raid (Seeker) by 2:13

  1. Open mex and energy exactly like standard sea economy.
  2. Build Hovercraft Platform first instead of going straight shipyard.
  3. Send a fast Seeker raid out well ahead of the usual timing.
  4. Reclaim Hovercraft Platform in most games once the raid is done.
  5. Pivot into shipyard and normal Corsair-led fleet build.

Phase by phase

TYPICAL OF ITS 159 GAMES · AGAINST STANDARD BEACH SEA
  1. 1
  2. 2
  3. 3
PLAY THE OPENING

Follow the example game's first 6:00 step by step: what to build now, what comes next, and where it goes. At 1× it keeps pace with your own game.

  1. 1

    Up to the Hovercraft Platform

    Economy
    • Metal Extractor3Mex
    • Wind Turbine5Wind+4 vs standard
    Order
    1. Hovercraft PlatformHovercraft Platform after 3 mex, 5 winddone ~1:43, middle half 1:33–1:52

    Some games also: energy storage (45%) · wind for allies (31%)

    By 1:10 in all: 3 mex · 5 wind (standard 1)

    The example game in this phase · 4 steps
    1. Mex ×3
    2. Wind ×5
    3. Energy storage
    4. Hovercraft PlatformHovercraft Platformdone 1:44 · typical 1:43
  2. 2

    Hovercraft Platform to Shipyard

    Economy
    • Metal Extractor3Mex
    • Wind Turbine5Wind+4 vs standard
    Order
    1. ShipyardShipyard after 6 mex, 10 winddone ~4:16, middle half 3:58–4:39
    Builders
    • Construction Hovercraft3 Con hovercraft +3 vs standard
    Army
    • Seeker7 Seeker +7 vs standard

    The standard build makes here, this one skips: 2 tidal · 2 con ship · 2 skater · 2 dolphin

    By 3:56 in all: 6 mex · 10 wind (standard 2) · 1 energy storage

    The example game in this phase · 8 steps
    1. Wind
    2. Construction HovercraftCon hovercraft ×2
    3. SeekerSeeker ×2
    4. Mex
    5. SeekerSeeker ×4
    6. Mex ×2
    7. Con turret
    8. ShipyardShipyarddone 4:07 · typical 4:16
  3. 3

    Shipyard to 10:00

    Economy
    • Metal Extractor4Mex
    • Wind Turbine12Wind
    Order
    1. Hovercraft PlatformEat Hovercraft Platform
    Builders
    • Construction Turret1 Con turret
    • Construction Ship1 Con ship
    • Grim Reaper1 Grim Reaper
    Army
    • Sentry2 Sentry
    • Dolphin4 Dolphin
    • Corsair3 Destroyer
    • Skater2 Skater
    Other
    • Naval Radar / Sonar Tower1 Naval Radar / Sonar Tower

    Some games also: Harpoon (46%) · frigate (38%) · Naval Construction Turret (38%) · tidal (36%) · submarine (35%)

    By 10:00 in all: 10 mex · 23 wind (standard 16) · 1 energy storage · 1 con turret

    The example game in this phase · 100 steps
    1. Hovercraft PlatformEat Hovercraft Platformreclaimed for its metal
    2. Mex
    3. DolphinDolphin ×3
    4. HarpoonHarpoon
    5. DolphinDolphin
    6. EelSubmarinedone 4:42
    7. DolphinDolphin
    8. Wind
    9. DolphinDolphin
    10. SkaterSkater
    11. Con turret
    12. CorsairDestroyerdone 5:31 · typical 5:56
    13. DolphinDolphin ×2
    14. Construction ShipCon ship
    15. Wind
    16. Grim ReaperGrim Reaper
    17. Wind
    18. DolphinDolphin ×2
    19. Wind
    20. Grim ReaperGrim Reaper
    21. Wind
    22. DolphinDolphin ×3
    23. Wind
    24. DolphinDolphin
    25. EelSubmarine
    26. Wind
    27. SkaterSkater
    28. Wind
    29. Advanced Metal ExtractorT2 mexdone 8:43 · typical 9:43
    30. CorsairDestroyer
    31. Wind
    32. DolphinDolphin ×2
    33. Wind
    34. Construction ShipCon ship
    35. DolphinDolphin
    36. Wind
    37. Advanced Metal ExtractorT2 mex
    38. DolphinDolphin ×2
    39. Energy storage
    40. DolphinDolphin ×2
    41. SkaterSkater
    42. CorsairDestroyer
    43. Wind
    44. DolphinDolphin ×2
    45. Wind
    46. Construction ShipCon ship
    47. Advanced Metal ExtractorT2 mex
    48. Wind
    49. DolphinDolphin ×3
    50. Mex
    51. Wind
    52. DolphinDolphin ×2
    53. SkaterSkater
    54. Wind
    55. CorsairDestroyer
    56. Wind
    57. Mex
    58. Wind ×2
    59. CorsairDestroyer
    60. Wind
    61. Advanced Metal ExtractorT2 mex
    62. Wind
    63. DolphinDolphin
    64. Wind
    65. DolphinDolphin
    66. Wind
    67. Construction ShipCon ship
    68. DolphinDolphin ×5
    69. Mex
    70. Naval Construction Turret
    71. SkaterSkater
    72. Naval Construction Turret
    73. CorsairDestroyer
    74. Naval Construction Turret
    75. Mex
    76. HarpoonHarpoon
    77. Advanced ShipyardAdvanced Shipyarddone 13:56
    78. Tidal ×2
    79. Con turret
    80. Tidal
    81. Fusion ReactorFusionnot finished by 15:00
    82. Tidal ×3
    83. DolphinDolphin
    84. Tidal ×3
    85. Advanced Construction SubAdvanced Construction Sub
    86. Tidal
    87. Con turret
    88. DolphinDolphin
    89. Tidal ×4
    90. SkaterSkater
    91. Tidal ×2
    92. VoyagerVoyager
    93. SkaterSkater
    94. Tidal ×2
    95. Naval Advanced Metal ExtractorNaval Advanced Metal Extractornot finished by 15:00
    96. Con turret
    97. Tidal
    98. VoyagerVoyager
    99. Tidal
    100. SkaterSkater

Counts are medians over the build's games: half of them build more, half fewer. The example game is rainefullstop's (32 OS, 03/10/2026); pick another.

Team trades

IN AT LEAST 30% OF ITS GAMES

You hand over

  • Wind Turbine2 Wind to Air or Geofirst at 1:54 · in 42% of games

You get

  • Finch1 Finch from Airfirst at 1:54 · in 67% of games
  • Lazarus1 Lazarus from Geofirst at 2:02 · in 59% of games
  • Advanced Construction Bot1 T2 con bot from Techfirst at 8:02 · in 87% of games

How it plays out

Typical game of this build against the role’s standard build, running totals by minute

  • This build
  • Standard beach sea

Metal produced

010k20k30k
0:005:0010:0015:00

metal

Enemy metal destroyed

05k10k
0:005:0010:0015:00

metal

Own metal lost

02.5k5k7.5k
0:005:0010:0015:00

metal

159 games.

Show as table
ByMetal produced: This buildMetal produced: Standard beach seaEnemy metal destroyed: This buildEnemy metal destroyed: Standard beach seaOwn metal lost: This buildOwn metal lost: Standard beach sea
1:004044040000
2:009389380000
3:00155215800000
4:002449252051515151
5:0037823703372240255150
6:0051545100743563577353
7:006496658611851096860686
8:00798181511658166212501136
9:00946397702333243117181809
10:0011371116213240333521362565
11:0013570136834115426628593340
12:0015932160445087507937964130
13:0018206184765585586142014941
14:0020979212526625654250615913
15:0022948239117513739955696700
WHAT THE NUMBERS SAY

Slightly better team win rate than standard with higher early kills, though overall metal destroyed by 15:00 still trails.

  • + Team win rate 52% vs 47% standard.
  • + Enemy metal destroyed by 5:00 is higher (410 vs 255).
  • − Metal production falls behind by 15:00 (23823 vs 25292).
  • − Own metal lost nearly doubles by 5:00 (255 vs 128).
THE EXAMPLE YOU ARE READING

rainefullstop

31.9 OS · 03/10/2026

Open source match ↗

5 received units · includes a constructor
264 metal received · 61627 energy received

Allied construction assistance is unknown. Timings are observations, not a promise of solo reproducibility.

Typical milestones

Hovercraft Platform1:43Middle 50%: 1:33–1:52 · n=157
Shipyard4:16Middle 50%: 3:58–4:39 · n=140
Corsair5:56Middle 50%: 5:27–7:26 · n=131
Advanced Metal Extractor9:43Middle 50%: 9:07–10:39 · n=140

Played most by

KingBenjai22games of this buildrainefullstop18games of this buildRysica13games of this buildDontStreamSnipeMeBro9games of this buildAdeus7games of this build